[Event "3rd Matrix Cup 2024"]
[Site "New Delhi"]
[Date "2024.04.07"]
[Round "3.2"]
[White "Krishika Garg"]
[Black "Neelash Saha"]
[Result "0-1"]
[ECO "B15"]
[WhiteElo "1713"]
[BlackElo "2464"]
[Annotator "TA"]
[PlyCount "108"]
[EventDate "2024.04.07"]
[EventType "swiss"]
[EventCountry "IND"]
[SourceTitle "playchess.com"]
[Source "ChessBase"]
[SourceQuality "1"]
[TimeControl "5400+30"]

1. e4 c6 2. d4 d5 3. Nc3 dxe4 4. Nxe4 Nf6 5. Nxf6+ exf6 6. Nf3 Bg4 7. Be2 Bd6 8. O-O O-O 9. Be3 Re8 10. h3 Bh5 11. Re1 {[%emt 0:01:55] The position is equal.} Nd7 12. c4 f5 13. Qd2 Nf6 14. Rad1 Ne4 15. Qc1 Bc7 16. d5 c5 17. Nd2 (17. Bf4 $11 {remains equal.}) 17... Bxe2 $17 18. Rxe2 f4 $1 {[%emt 0:02:24] Black has more active pieces.} 19. Nxe4 Rxe4 20. d6 Bxd6 21. Red2 (21. Qc2 $17 Qe7 22. Rxd6) 21... fxe3 $19 (21... Re6 $2 22. Bxf4 Qa5 23. Bxd6 $18 (23. Rxd6 Rxd6 24. Bxd6 b6 $18)) 22. Rxd6 exf2+ 23. Kxf2 Qh4+ 24. Kg1 {[%emt 0:00:53] [#]} (24. Kf1 {might work better.}) 24... Rae8 (24... Rxc4 $2 25. Qxc4 Qe7 26. Rd7 $18 (26. Qxc5 h6 $18)) (24... Re2 $1 $19 {and Black stays clearly on top. ( -> ...Qf2+)} 25. Kh1 Rae8) 25. Qd2 $17 {[%emt 0:04:00] Wards off Qf2+} g6 {[%emt 0:07:17][%cal Oe4e2] aiming for ...Re2!} ({Of course not} 25... Rxc4 $6 26. Rd8 Rce4 27. Qd7 Re1+ 28. Rxe1 Qxe1+ (28... Rxd8 29. Re8+ Rxe8 30. Qxe8#) 29. Kh2 $11) 26. Rd8 Qf6 27. Qd7 Rxd8 $40 {[%emt 0:02:17][%mdl 128] Black goes for the king.} 28. Qxd8+ Kg7 29. Qxf6+ Kxf6 {[%emt 0:00:05][%mdl 4096] Endgame. KR-KR} 30. Rd7 Re7 31. Rd2 (31. Rd6+ $142 Re6 32. Rd7) 31... b6 32. Kf2 (32. b3 $17 {keeps fighting.}) 32... Re4 $19 33. b3 {[%emt 0:01:23] [#]} Rd4 $1 34. Re2 Rd3 35. Ke1 h5 36. Re8 Rc3 37. Ra8 (37. Re2 $142) 37... Rc1+ 38. Kd2 Rg1 39. Rxa7 Rxg2+ 40. Ke1 Rg3 ({Resist} 40... Rh2 41. Ra6) 41. h4 Rh3 42. Ra6 Ke5 43. Rxb6 Rxh4 44. Rc6 Kd4 45. Rf6 $2 (45. Kf1 Rf4+ 46. Kg2) 45... Ke3 {[%emt 0:01:00] And now ...Rh1+ would win. Black is clearly winning.} 46. Kd1 Rf4 47. Rc6 h4 48. Rc8 Rf1+ 49. Kc2 Rf5 50. Rd8 Rf2+ 51. Kc3 Rxa2 52. Rd3+ Kf4 {[%emt 0:00:11] White must now prevent ...Kg4.} 53. Rd7 f5 {[%emt 0:00:11] ...h3 would now be deadly.} 54. b4 Ra3+ {[%emt 0:00:11] Weighted Error Value: White=0.51/Black=0.07 (flawless) .  Mistake:       	White=7     	Black=1      Inaccurate:     	White=2     	---        OK:         	White=15    	Black=19     Best:        	White=2     	Black=5      Strong:       	---       	Black=1} 0-1

[Event "3rd Matrix Cup 2024"]
[Site "New Delhi"]
[Date "2024.04.07"]
[Round "3.3"]
[White "Singh, Arvinder Preet"]
[Black "Surada Yashaswi Satya Gangadha"]
[Result "1-0"]
[ECO "C97"]
[WhiteElo "2064"]
[BlackElo "1711"]
[Annotator "RC"]
[PlyCount "67"]
[EventDate "2024.04.07"]
[EventType "swiss"]
[EventCountry "IND"]
[SourceTitle "playchess.com"]
[Source "ChessBase"]
[SourceQuality "1"]
[TimeControl "5400+30"]

1. e4 e5 2. Nf3 Nc6 3. Bb5 a6 4. Ba4 Nf6 5. O-O Be7 6. Re1 b5 7. Bb3 d6 8. c3 O-O 9. h3 Na5 10. Bc2 c5 11. d4 Qc7 12. Nbd2 Bd7 13. Nf1 Nc4 14. b3 Nb6 15. Be3 exd4 16. cxd4 Rfe8 17. Rc1 Rac8 18. Ng3 Qb7 19. Bg5 h6 20. Bxf6 Bxf6 21. e5 dxe5 22. dxe5 Bd8 23. Ne4 Be7 24. Qd3 g6 25. Qd2 Kh7 26. Rcd1 Be6 27. Nd6 Bxd6 28. exd6 Rcd8 29. Re5 Kg7 30. Rxc5 Nc8 31. Qc3+ Kh7 32. Rc7 Qb6 33. Qf6 Nxd6 34. Qxg6+ 1-0

[Event "3rd Matrix Cup 2024"]
[Site "New Delhi"]
[Date "2024.04.07"]
[Round "3.4"]
[White "Shreyas Raj"]
[Black "Ram Prakash, R."]
[Result "0-1"]
[ECO "B13"]
[WhiteElo "1713"]
[BlackElo "2191"]
[Annotator "RC"]
[PlyCount "150"]
[EventDate "2024.04.07"]
[EventType "swiss"]
[EventCountry "IND"]
[SourceTitle "playchess.com"]
[Source "ChessBase"]
[SourceQuality "1"]
[TimeControl "5400+30"]

1. e4 c6 2. d4 d5 3. exd5 cxd5 4. Bd3 Nc6 5. c3 Qc7 6. h3 g6 7. Ne2 Bf5 8. Bxf5 gxf5 9. Bf4 Qd7 10. Nd2 Nf6 11. O-O Rg8 12. Nf3 Ne4 13. Ne5 Nxe5 14. dxe5 e6 15. f3 Nc5 16. a4 Qc7 17. Nd4 Nd7 18. Qe2 a6 19. Kh1 Be7 20. Rfc1 Qc4 21. Qc2 Bg5 22. b3 Qc7 23. Bxg5 Rxg5 24. f4 Rg3 25. c4 dxc4 26. Qf2 Rd3 27. Rxc4 Qb6 28. a5 Qa7 29. Rf1 b5 30. axb6 Qxb6 31. Qb2 Rd8 32. Nc6 Rc8 33. Rfc1 Rxb3 34. Qd2 Qb7 35. Na5 Rxh3+ 36. Kg1 Qb6+ 37. Kf1 Rh1+ 38. Ke2 Rxc1 39. Qxc1 Qb5 40. Kf3 Rxc4 41. Nxc4 Ke7 42. Nd6 Qc5 43. Qh1 Qd5+ 44. Kf2 Qd2+ 45. Kf3 Qd3+ 46. Kf2 Nc5 47. Qh4+ Kd7 48. Qxh7 Kc6 49. Qxf7 Qb3 50. Qe8+ Kd5 51. Qa8+ Kd4 52. Qf3 Qd3 53. g4 Qd2+ 54. Kg3 Qe1+ 55. Kg2 fxg4 56. Qxg4 Qd2+ 57. Kh3 Qd3+ 58. Kh4 Qh7+ 59. Kg3 Qd3+ 60. Kh4 Kc3 61. f5 exf5 62. Qxf5 Qxf5 63. Nxf5 a5 64. Ne3 a4 65. Nd5+ Kd4 66. Nb4 Kxe5 67. Kg3 Ke4 68. Na2 Ke3 69. Nb4 Ne4+ 70. Kg2 Ke2 71. Nc2 Kd2 72. Na3 Nd6 73. Kf3 Kc3 74. Nb1+ Kc2 75. Na3+ Kb2 0-1

[Event "3rd Matrix Cup 2024"]
[Site "New Delhi"]
[Date "2024.04.07"]
[Round "3.5"]
[White "Ishvi Aggarwal"]
[Black "Siddhant Nath Jha"]
[Result "0-1"]
[ECO "A94"]
[WhiteElo "1959"]
[BlackElo "1704"]
[Annotator "RC"]
[PlyCount "98"]
[EventDate "2024.04.07"]
[EventType "swiss"]
[EventCountry "IND"]
[SourceTitle "playchess.com"]
[Source "ChessBase"]
[SourceQuality "1"]
[TimeControl "5400+30"]

1. d4 d5 2. c4 e6 3. Nf3 c6 4. g3 f5 5. Bg2 Nf6 6. O-O Be7 7. b3 O-O 8. Ba3 Nbd7 9. Qd3 Ne4 10. e3 g5 11. Bxe7 Qxe7 12. Nbd2 Rf6 13. Ne5 g4 14. Nxg4 fxg4 15. Nxe4 dxe4 16. Qxe4 Rg6 17. f4 Qf7 18. Qc2 Nf6 19. e4 Bd7 20. e5 Ne8 21. Be4 Rh6 22. Qe2 Qh5 23. d5 cxd5 24. cxd5 Bb5 25. Qd2 Bxf1 26. Rxf1 Ng7 27. Rc1 exd5 28. Bxd5+ Kh8 29. Bxb7 Rf8 30. Qb2 Qf7 31. Be4 Rd8 32. Qc3 Qd7 33. a4 Ne6 34. Bf5 Qd4+ 35. Qxd4 Nxd4 36. Bxg4 Nxb3 37. Rc7 Rg6 38. Bd7 Rg7 39. e6 Nd4 40. Rc4 Nf5 41. Rc5 Nd6 42. Re5 Ne8 43. f5 Nf6 44. Bb5 Re7 45. h3 Rd5 46. Rxd5 Nxd5 47. g4 h6 48. Kf2 Kg7 49. Kf3 Kf6 0-1

[Event "3rd Matrix Cup 2024"]
[Site "New Delhi"]
[Date "2024.04.07"]
[Round "3.6"]
[White "Daksh Goyal"]
[Black "Badhwar, Daksh"]
[Result "1-0"]
[ECO "B76"]
[WhiteElo "1916"]
[BlackElo "1696"]
[Annotator "RC"]
[PlyCount "57"]
[EventDate "2024.04.07"]
[EventType "swiss"]
[EventCountry "IND"]
[SourceTitle "playchess.com"]
[Source "ChessBase"]
[SourceQuality "1"]
[TimeControl "5400+30"]

1. e4 c5 2. Nf3 d6 3. d4 cxd4 4. Nxd4 Nf6 5. Nc3 g6 6. Be3 Bg7 7. f3 O-O 8. Qd2 Nc6 9. O-O-O d5 10. exd5 Nxd5 11. Nxc6 bxc6 12. Bd4 e5 13. Bc5 Re8 14. Ne4 Be6 15. h4 h5 16. c4 Qc7 17. Kb1 Red8 18. Qc2 Rac8 19. g3 Qa5 20. cxd5 Bxd5 21. Bc4 f5 22. b4 Rb8 23. Qb3 Qc7 24. Bxd5+ cxd5 25. Rxd5 Rxd5 26. Qxd5+ Kh8 27. Bd6 Qd7 28. Rd1 Rb6 29. Bc5 1-0

[Event "3rd Matrix Cup 2024"]
[Site "New Delhi"]
[Date "2024.04.07"]
[Round "3.7"]
[White "Gopalakrishnan G"]
[Black "Sharma, Harish"]
[Result "0-1"]
[ECO "C06"]
[WhiteElo "1701"]
[BlackElo "1913"]
[Annotator "RC"]
[PlyCount "77"]
[EventDate "2024.04.07"]
[EventType "swiss"]
[EventCountry "IND"]
[SourceTitle "playchess.com"]
[Source "ChessBase"]
[SourceQuality "1"]
[TimeControl "5400+30"]

1. e4 e6 2. d4 d5 3. Nd2 Nf6 4. e5 Nfd7 5. c3 c5 6. Bd3 Nc6 7. Ne2 cxd4 8. cxd4 f6 9. Nf4 Nxd4 10. Qh5+ Ke7 11. Bxh7 Nxe5 12. O-O g5 13. Ng6+ Nxg6 14. Qxg6 Ne2+ 15. Kh1 Qe8 16. Qxe8+ Kxe8 17. Bb1 Bd6 18. g3 Bd7 19. Bd3 Nxc1 20. Raxc1 Kf7 21. Nb3 Rh6 22. Kg2 Rah8 23. Rh1 e5 24. Nc5 Bh3+ 25. Kg1 Rc8 26. Nb3 Rxc1+ 27. Nxc1 Bc5 28. Nb3 Bb6 29. Bf1 Be6 30. Bd3 e4 31. Be2 d4 32. Kf1 d3 33. Bd1 Bh3+ 34. Ke1 Bg2 35. Rg1 Rxh2 36. Nd2 e3 37. fxe3 Bxe3 38. Bb3+ Ke7 39. Nc4 0-1

[Event "3rd Matrix Cup 2024"]
[Site "New Delhi"]
[Date "2024.04.07"]
[Round "3.8"]
[White "Mohan, Naithani"]
[Black "Mrityunjay Kumar"]
[Result "0-1"]
[ECO "D00"]
[WhiteElo "1694"]
[BlackElo "1900"]
[Annotator "RC"]
[PlyCount "64"]
[EventDate "2024.04.07"]
[EventType "swiss"]
[EventCountry "IND"]
[SourceTitle "playchess.com"]
[Source "ChessBase"]
[SourceQuality "1"]
[TimeControl "5400+30"]

1. d4 Nf6 2. Bf4 d5 3. e3 e6 4. Nd2 c5 5. c3 Nc6 6. Bd3 Qb6 7. Rb1 Bd7 8. Ngf3 Rc8 9. Ne5 Nxe5 10. dxe5 Ng8 11. h4 Bb5 12. c4 Bd7 13. Kf1 Ne7 14. h5 Qa5 15. Ra1 b5 16. b3 Qa3 17. Qc2 Nc6 18. Be2 Nb4 19. Qb1 a6 20. f3 Be7 21. Kf2 O-O 22. Qg1 f6 23. Qc1 Qa5 24. Qc3 d4 25. Qb2 Nc6 26. exf6 Bxf6 27. Qc2 e5 28. Bd3 h6 29. Bxh6 gxh6 30. Be4 dxe3+ 31. Kg3 Qxd2 32. Bd5+ Kh8 0-1

[Event "3rd Matrix Cup 2024"]
[Site "New Delhi"]
[Date "2024.04.07"]
[Round "4.1"]
[White "Aadya Gupta"]
[Black "Aronyak Ghosh"]
[Result "0-1"]
[ECO "E12"]
[WhiteElo "1775"]
[BlackElo "2517"]
[Annotator "TA"]
[PlyCount "118"]
[EventDate "2024.04.07"]
[EventType "swiss"]
[EventCountry "IND"]
[SourceTitle "playchess.com"]
[Source "ChessBase"]
[SourceQuality "1"]
[TimeControl "5400+30"]

1. d4 Nf6 2. c4 e6 3. Nf3 b6 4. a3 Ba6 5. e3 d5 6. Nbd2 Bb7 7. b3 Nbd7 8. Bb2 a5 {[%emt 0:01:22] The position is equal.} 9. Bd3 Bd6 10. O-O Rc8 11. Ne5 O-O 12. Qb1 h6 13. e4 (13. f4 $11) 13... dxe4 14. Nxe4 (14. Nxd7 $11 {remains equal.} Qxd7 (14... exd3 15. Nxf8 Ng4 16. h3 $11) 15. Nxe4) 14... Bxe4 (14... Bxe5 {is more complex.} 15. dxe5 Ng4 16. Be2 Qh4) 15. Bxe4 Nxe4 16. Qxe4 Nxe5 17. dxe5 {[%emt 0:00:05][%cal Of1d1] [#] Rfd1! would now be deadly.} Bc5 18. Rad1 {[%emt 0:09:24] Wards off Qd2} Qe7 19. a4 Rcd8 20. Qg4 Rxd1 21. Rxd1 Rd8 22. g3 {[%emt 0:03:50] Dodges Qh4} Rd7 23. Kg2 Qe8 24. Rxd7 Qxd7 $11 {[%emt 0:00:02][%mdl 4096] Endgame. KQB-KQB} 25. Qe2 {[%emt 0:01:26] Wards off Qd2} h5 26. h4 Qc6+ 27. Qf3 Qxf3+ 28. Kxf3 {[%emt 0:00:02] KB-KB} Kh7 29. Bc3 (29. Ke2 $11) 29... Kg6 $17 30. Ba1 Kf5 31. Bc3 g5 32. hxg5 Kxg5 33. Bd2+ Kf5 34. Bc3 Bf8 35. Ke3 Bh6+ 36. f4 $2 (36. Kd3 $17 {is a better defense.} Bf8 37. Ke3) 36... Kg4 $19 37. Kf2 Bf8 {[%emt 0:01:26] Prevents c5.} 38. Kg2 $2 (38. Bd2 Bc5+ 39. Kg2) 38... Bb4 39. Bd4 c5 40. Bf2 Bc3 41. Bg1 Be1 42. Bh2 Bd2 43. Bg1 Be1 (43... h4 $142 44. gxh4 Bxf4 (44... Kxf4 $2 45. Bh2+ Kg4 46. h5 $19)) 44. Bh2 $1 h4 45. gxh4 Bxh4 46. f5 Kxf5 47. Kf3 Be1 48. Bg1 Bc3 {[%emt 0:00:15][%cal Oc3d4] [#] And now ...Bd4! would win.} 49. Be3 Bxe5 {[%emt 0:00:07] ...Bd4 is the strong threat.} 50. Bh6 Bd6 51. Be3 e5 {[%emt 0:00:40] ( -> ...e4+)} 52. Bf2 e4+ {[%emt 0:00:22] Black mates.} 53. Ke2 Kg4 54. Ke3 f5 55. Ke2 f4 56. Be1 Be5 57. Bd2 Bd4 58. Be1 f3+ 59. Kd1 e3 {[%emt 0:00:04] Weighted Error Value: White=0.78/Black=0.13 (very precise) .  Loses game:     	White=1     	---        Mistake:       	White=4     	---        Inaccurate:     	White=2     	Black=3      OK:         	White=11    	Black=10     Best:        	White=2     	Black=4} 0-1

[Event "3rd Matrix Cup 2024"]
[Site "New Delhi"]
[Date "2024.04.07"]
[Round "4.2"]
[White "Neelash Saha"]
[Black "Shubh Singh Saini"]
[Result "1-0"]
[ECO "B07"]
[WhiteElo "2464"]
[BlackElo "1771"]
[Annotator "TA"]
[PlyCount "111"]
[EventDate "2024.04.07"]
[EventType "swiss"]
[EventCountry "IND"]
[SourceTitle "playchess.com"]
[Source "ChessBase"]
[SourceQuality "1"]
[TimeControl "5400+30"]

1. d4 g6 2. e4 d6 3. Nc3 Nf6 4. Be2 Bg7 5. h4 h5 6. Nh3 Nc6 7. f3 a6 8. Be3 e5 9. d5 {[%emt 0:01:23] White has an edge.} Ne7 10. Nb1 Nfg8 11. c4 b6 12. Nc3 a5 13. Qd2 f5 14. g3 {[%emt 0:00:05] White is more active.} Nf6 15. Nf2 ({White should try} 15. Ng5 $16) 15... Neg8 (15... fxe4 $14 16. fxe4 Neg8) 16. Bg5 Bh6 (16... Qe7 $16) 17. exf5 $18 Bxf5 (17... gxf5 $142 18. f4 exf4) 18. g4 $2 {[%emt 0:00:20] [#]} (18. O-O-O $18) 18... hxg4 $15 19. fxg4 Nxg4 20. Bxd8 (20. Bxg4 $15 Bxg5 21. Qxg5 (21. hxg5 Rxh1+ 22. Nxh1 Bxg4 $17) 21... Qxg5 22. hxg5 Rxh1+ 23. Nxh1 Bxg4 24. Ng3) 20... Bxd2+ $17 21. Kxd2 Nxf2 22. Bxc7 Kd7 23. Bxb6 Nxh1 24. Rxh1 Nf6 25. Be3 Ne4+ 26. Nxe4 Bxe4 27. Rh2 Rab8 28. Kc3 Rhf8 29. b3 Bf3 {[%emt 0:00:32] ...Bxe2 would now be deadly.} 30. Bd3 Bh5 31. Rh3 Rf6 32. Rg3 Rbf8 33. Be4 {[%emt 0:01:41] Prevents Rf3.} Kc7 (33... Rf1 $15 {is superior.}) 34. Bg2 $11 Bf3 35. Bh6 $1 R8f7 {[%emt 0:00:29] [#] And now ...Bxg2 would win.} 36. Bg5 $1 Bxg2 37. Bxf6 {[%emt 0:00:12][%mdl 4096] Endgame. KRB-KRB} Be4 38. Re3 {[%emt 0:00:29] Threatens to win with Bxe5.} Bg2 (38... Bxd5 $11 39. Bxe5 dxe5 40. cxd5 Kd6) 39. Bg5 $14 Rf3 $2 {[%emt 0:00:30] This move loses the game for Black.} (39... Rf2 $14) 40. Rxf3 $18 Bxf3 {[%emt 0:00:02] KB-KB} 41. Kb2 Bg4 42. Bf6 e4 $2 (42... Bf5 43. Ka3 Be4) 43. Bg5 Bd7 44. Kc3 Bg4 45. Kd4 $2 (45. Bf4 Kd7 46. Kd4) 45... Bf3 46. Bd2 Kb6 47. Bf4 Bd1 $2 (47... Kc7 48. c5 Bd1 49. Bxd6+ (49. cxd6+ Kd7 $18) 49... Kb7 50. c6+ (50. Kxe4 Be2 $18) 50... Kb6) 48. Bxd6 Bc2 49. Bf4 Bb1 50. a3 Bc2 51. b4 (51. c5+ $142 Kb7 52. c6+ Kb6 53. c7 Kb7 54. d6 Kc8 55. b4 axb4 56. axb4) 51... axb4 52. axb4 {[%emt 0:00:05] White mates.} Kb7 53. b5 Bd3 54. d6 Kc8 55. b6 Be2 56. d7+ {[%emt 0:00:08] Weighted Error Value: White=0.29 (precise) /Black=0.63.  Loses game:     	---       	Black=1      Missed win:     	White=1     	---        Mistake:       	White=2     	Black=7      Inaccurate:     	White=3     	Black=9      OK:         	White=12    	Black=5      Best:        	White=5     	Black=3      Strong:       	White=2     	---} 1-0

[Event "3rd Matrix Cup 2024"]
[Site "New Delhi"]
[Date "2024.04.07"]
[Round "4.3"]
[White "Gada Om"]
[Black "Singh, Arvinder Preet"]
[Result "0-1"]
[ECO "A83"]
[WhiteElo "1759"]
[BlackElo "2064"]
[Annotator "RC"]
[PlyCount "84"]
[EventDate "2024.04.07"]
[EventType "swiss"]
[EventCountry "IND"]
[SourceTitle "playchess.com"]
[Source "ChessBase"]
[SourceQuality "1"]
[TimeControl "5400+30"]

1. d4 f5 2. Nc3 Nf6 3. Bg5 e6 4. e4 fxe4 5. Nxe4 Be7 6. Bxf6 Bxf6 7. Nf3 O-O 8. Bd3 Nc6 9. c3 d5 10. Nxf6+ gxf6 11. Qc2 Kh8 12. O-O-O Qe7 13. Rhe1 Qg7 14. g3 e5 15. Bf5 e4 16. Bxc8 Raxc8 17. Nh4 Ne7 18. f4 c6 19. Qb3 Rc7 20. Kb1 Qg4 21. Rd2 b6 22. Ng2 Nf5 23. Ne3 Nxe3 24. Rxe3 Qe6 25. Qd1 f5 26. b3 Rg8 27. Qe2 b5 28. b4 a5 29. a3 Ra7 30. Kb2 Qf7 31. h4 Rg4 32. Qe1 Qg8 33. Rh2 Qg7 34. Rh3 axb4 35. axb4 Ra4 36. Qd1 Qa7 37. Qb3 Rg8 38. Rh1 Ra8 39. Rb1 Ra3 40. Qd1 Ra2+ 41. Kc1 Qa3+ 42. Rb2 Qxb2# 0-1

[Event "3rd Matrix Cup 2024"]
[Site "New Delhi"]
[Date "2024.04.07"]
[Round "4.4"]
[White "Ram Prakash, R."]
[Black "Gorli Nyna"]
[Result "1/2-1/2"]
[ECO "D38"]
[WhiteElo "2191"]
[BlackElo "1769"]
[Annotator "RC"]
[PlyCount "124"]
[EventDate "2024.04.07"]
[EventType "swiss"]
[EventCountry "IND"]
[SourceTitle "playchess.com"]
[Source "ChessBase"]
[SourceQuality "1"]
[TimeControl "5400+30"]

1. Nf3 Nf6 2. c4 e6 3. Nc3 d5 4. d4 Bb4 5. Qa4+ Nc6 6. a3 Bxc3+ 7. bxc3 Ne4 8. Qc2 O-O 9. cxd5 exd5 10. e3 Bf5 11. Bd3 Re8 12. Bb2 Ne7 13. O-O Nd6 14. Nd2 Qd7 15. a4 Qe6 16. Ba3 Bxd3 17. Qxd3 Nef5 18. Bxd6 Nxd6 19. Rfc1 Rac8 20. c4 c5 21. dxc5 Rxc5 22. cxd5 Rxd5 23. Qe2 Rc8 24. Nb3 Ne4 25. Nd4 Qd7 26. h3 Nc3 27. Qf3 Rdc5 28. a5 Qc7 29. Kh1 h6 30. g4 Rxa5 31. Rxa5 Qxa5 32. Qxb7 Re8 33. Kg1 Ne4 34. Qc6 Qe5 35. f4 Qb8 36. Kg2 Nd6 37. Qf3 Qb2+ 38. Rc2 Qa3 39. Re2 Qd3 40. Qc6 Qe4+ 41. Qxe4 Nxe4 42. Kf3 Nd6 43. Ra2 Nc4 44. Nc2 a5 45. Ke2 Rd8 46. Nd4 Re8 47. Kd3 Rc8 48. Rc2 Nb6 49. Rxc8+ Nxc8 50. Kc4 Nb6+ 51. Kb5 Nd5 52. Nc2 Nc3+ 53. Kxa5 Ne4 54. h4 g5 55. hxg5 hxg5 56. Kb4 Nf2 57. fxg5 Nxg4 58. e4 Kg7 59. Ne1 Kg6 60. Nf3 Nf2 61. Ne5+ Kxg5 62. Nxf7+ Kf6 1/2-1/2

[Event "3rd Matrix Cup 2024"]
[Site "New Delhi"]
[Date "2024.04.07"]
[Round "4.5"]
[White "Gopal Aravamuthan Iyengar"]
[Black "Daksh Goyal"]
[Result "0-1"]
[ECO "D00"]
[WhiteElo "1758"]
[BlackElo "1916"]
[Annotator "RC"]
[PlyCount "156"]
[EventDate "2024.04.07"]
[EventType "swiss"]
[EventCountry "IND"]
[SourceTitle "playchess.com"]
[Source "ChessBase"]
[SourceQuality "1"]
[TimeControl "5400+30"]

1. d4 d5 2. Nc3 Nf6 3. Bf4 e6 4. Nb5 Na6 5. e3 c6 6. Nc3 Nb8 7. Nf3 Be7 8. Bd3 a6 9. O-O O-O 10. Ne2 Nh5 11. e4 Nxf4 12. Nxf4 dxe4 13. Bxe4 Nd7 14. c3 Bd6 15. Ne2 e5 16. Bc2 g6 17. Re1 exd4 18. Nexd4 Nf6 19. h3 Qc7 20. Nd2 c5 21. N4f3 Rd8 22. Qe2 Re8 23. Qf1 Be6 24. Bb3 Bxb3 25. Nxb3 c4 26. Nbd2 b5 27. Rxe8+ Rxe8 28. Re1 Qd7 29. Rxe8+ Qxe8 30. Qe1 Qxe1+ 31. Nxe1 Nd5 32. g3 Nb6 33. Nef3 f5 34. b3 b4 35. Nxc4 bxc3 36. Ne1 Bc5 37. Nxb6 Bxb6 38. Kf1 Kf7 39. Ke2 Ke6 40. f3 h5 41. Nc2 g5 42. g4 fxg4 43. fxg4 hxg4 44. hxg4 Ke5 45. Kd3 Kf4 46. Kxc3 Bf2 47. Kd3 Kxg4 48. Ke2 Ba7 49. Ne1 Kf4 50. b4 g4 51. a4 Ke4 52. b5 a5 53. Nc2 Bc5 54. Ne1 Ba7 55. Nc2 Bb6 56. Ne1 g3 57. Ng2 Bf2 58. Ne1 Ba7 59. Ng2 Bb8 60. Ne3 Kd4 61. Kf3 Kc5 62. Nf5 Kb4 63. Nxg3 Kxa4 64. b6 Kb4 65. Ne2 a4 66. Nc1 Kc3 67. Ke2 Kc2 68. Na2 Bd6 69. b7 Kb2 70. Nb4 a3 71. Kd3 Kb3 72. Nc2 a2 73. Na1+ Kb2 74. Nc2 Bf4 75. Na1 Kxa1 76. Kc2 Bc7 77. Kc1 Bb8 78. Kc2 Bf4 0-1

[Event "3rd Matrix Cup 2024"]
[Site "New Delhi"]
[Date "2024.04.07"]
[Round "4.6"]
[White "Sharma, Harish"]
[Black "Lakshmi Charan Naidu G"]
[Result "1/2-1/2"]
[ECO "B27"]
[WhiteElo "1913"]
[BlackElo "1753"]
[Annotator "RC"]
[PlyCount "117"]
[EventDate "2024.04.07"]
[EventType "swiss"]
[EventCountry "IND"]
[SourceTitle "playchess.com"]
[Source "ChessBase"]
[SourceQuality "1"]
[TimeControl "5400+30"]

1. e4 c5 2. Nf3 g6 3. d4 cxd4 4. Qxd4 Nf6 5. e5 Nc6 6. Qc3 Nd5 7. Qd2 Nb6 8. a4 a5 9. Bb5 Bg7 10. Qe2 O-O 11. O-O d5 12. exd6 Qxd6 13. h3 Rd8 14. c3 Nd5 15. Na3 Nf4 16. Bxf4 Qxf4 17. Rad1 Be6 18. Nc4 Bxc4 19. Bxc4 Ne5 20. Nxe5 Bxe5 21. g3 Qf6 22. Rfe1 Bd6 23. Rd3 e6 24. Rf3 Qe7 25. h4 Rac8 26. b3 Rc5 27. Rd1 Re5 28. Re3 Rxe3 29. Qxe3 Bc7 30. Rxd8+ Qxd8 31. Qf3 b6 32. h5 Qg5 33. Qb7 Be5 34. hxg6 hxg6 35. Kg2 Qf6 36. Qxb6 Bxc3 37. Qb8+ Kg7 38. Qc7 Bd4 39. f3 Qe5 40. Qxe5+ Bxe5 41. b4 axb4 42. a5 Kf6 43. a6 Bd4 44. f4 g5 45. Kf3 gxf4 46. gxf4 Ba7 47. Ke4 Bc5 48. Bb3 Ba7 49. Bc2 Bb6 50. Bb3 Ba7 51. Bd1 Ke7 52. Ke5 f6+ 53. Ke4 Kd6 54. Bb3 Bb6 55. Kd3 e5 56. fxe5+ fxe5 57. Kc4 Bc5 58. Bc2 Ba7 59. Be4 1/2-1/2

[Event "3rd Matrix Cup 2024"]
[Site "New Delhi"]
[Date "2024.04.07"]
[Round "4.7"]
[White "Mrityunjay Kumar"]
[Black "Sanyam Srivastava"]
[Result "1-0"]
[ECO "C96"]
[WhiteElo "1900"]
[BlackElo "1742"]
[Annotator "RC"]
[PlyCount "77"]
[EventDate "2024.04.07"]
[EventType "swiss"]
[EventCountry "IND"]
[SourceTitle "playchess.com"]
[Source "ChessBase"]
[SourceQuality "1"]
[TimeControl "5400+30"]

1. e4 e5 2. Nf3 Nc6 3. Bb5 a6 4. Ba4 Nf6 5. O-O Be7 6. Re1 b5 7. Bb3 d6 8. c3 O-O 9. h3 Na5 10. Bc2 c5 11. d4 cxd4 12. cxd4 Qc7 13. Nc3 Bd7 14. Bd3 Rfe8 15. Bg5 b4 16. Ne2 h6 17. Bd2 Qb6 18. Be3 Qb8 19. Ng3 Bf8 20. Rc1 Bb5 21. Qd2 Bxd3 22. Qxd3 Qb7 23. Rc2 d5 24. Nxe5 dxe4 25. Qe2 Bd6 26. Ng4 Nxg4 27. Qxg4 Bxg3 28. Qxg3 Kh7 29. Rc7 Qd5 30. Rc5 Qxa2 31. Qc7 Nb3 32. Qxf7 Rf8 33. Qd5 Qxb2 34. Rc7 Rad8 35. Qxe4+ Kh8 36. Qg6 Rg8 37. Bxh6 Qxd4 38. Qh5 Rge8 39. Bxg7+ 1-0

[Event "3rd Matrix Cup 2024"]
[Site "New Delhi"]
[Date "2024.04.07"]
[Round "4.8"]
[White "Shreyash Singh"]
[Black "Aarit Kapil"]
[Result "1-0"]
[ECO "B14"]
[WhiteElo "1853"]
[BlackElo "1741"]
[Annotator "NA"]
[PlyCount "237"]
[EventDate "2024.04.07"]
[EventType "swiss"]
[EventCountry "IND"]
[SourceTitle "playchess.com"]
[Source "ChessBase"]
[SourceQuality "1"]
[TimeControl "5400+30"]

1. d4 d5 2. c4 dxc4 3. Nf3 e6 4. e3 c5 5. Bxc4 cxd4 6. exd4 Nf6 7. Nc3 Be7 8. O-O O-O 9. Re1 Nc6 10. Bg5 h6 11. Bh4 Nd5 12. Bxd5 Bxh4 13. Bxc6 bxc6 14. Rc1 Be7 15. Ne4 Bb7 16. Qc2 Rc8 17. Nc5 Ba8 18. Re4 Qd5 19. b3 Rfd8 20. h3 Bxc5 21. dxc5 Qd3 22. Qxd3 Rxd3 23. Ra4 Rc7 24. Kf1 Kf8 25. Ke2 Rd5 26. Rc2 Ke7 27. b4 Rcd7 28. Nd2 Re5+ 29. Kf1 Kd8 30. f3 Kc8 31. Nc4 Red5 32. Nd6+ Kb8 33. Ra3 Bb7 34. Rac3 Ba6+ 35. Kf2 Bb5 36. Ra3 Rd4 37. Rb2 e5 38. Ke3 g6 39. g4 h5 40. gxh5 gxh5 41. Rg2 a6 42. Rb3 Bf1 43. Rg5 Bxh3 44. Rxh5 Be6 45. Ra3 Ka7 46. b5 R4xd6 47. Rxa6+ Kb7 48. cxd6 cxb5 49. Ra3 Rxd6 50. Rxe5 Kb6 51. Ra8 Bc4 52. a4 bxa4 53. Rxa4 Be6 54. f4 Rd1 55. Rd4 Re1+ 56. Kf2 Rxe5 57. fxe5 Kc5 58. Ke3 Ba2 59. Rd2 Be6 60. Kf4 Kc4 61. Kg5 Kc3 62. Rd6 Kc4 63. Kf6 Bd5 64. Ra6 Kd4 65. Ra4+ Kc5 66. Ke7 Be6 67. Ra5+ Kd4 68. Kd6 Ke4 69. Ra1 Bb3 70. Re1+ Kf5 71. Kc5 f6 72. exf6 Kxf6 73. Kd6 Kg7 74. Ke7 Bg8 75. Rg1+ Kh8 76. Kf8 Bh7 77. Kf7 Be4 78. Re1 Bd5+ 79. Kg6 Bb3 80. Re3 Bc2+ 81. Kf7 Bb1 82. Rh3+ Bh7 83. Kf6 Kg8 84. Rg3+ Kh8 85. Rg7 Bg8 86. Ra7 Bh7 87. Kg5 Bg8 88. Kg6 Bd5 89. Ra5 Be4+ 90. Kf7 Bb1 91. Ra8+ Kh7 92. Ra1 Be4 93. Re1 Bd5+ 94. Kf6 Kh8 95. Kg6 Bc4 96. Rc1 Bd3+ 97. Kh6 Bh7 98. Rh1 Be4 99. Rh4 Bh7 100. Kg5 Kg7 101. Rb4 Kh8 102. Kf6 Bg8 103. Rh4+ Bh7 104. Rh2 Kg8 105. Kg5 Kh8 106. Kh6 Be4 107. Re2 Bh7 108. Re7 Bg8 109. Kg6 Bc4 110. Re1 Bd3+ 111. Kf6 Bh7 112. Rh1 Kg8 113. Kg5 Kh8 114. Kh6 Bg8 115. Kg6+ Bh7+ 116. Rxh7+ Kg8 117. Ra7 Kf8 118. Rb7 Kg8 119. Rb8# 1-0